 Dungeon Crawl Stone Soup version 0.22-a0-231-g1b571ea (webtiles) character file.

68 scanevaro the Ruffian (level 4, -3/44 HPs)
             Began as a Troll Monk on Feb 20, 2018.
             Slain by a gnoll
             ... wielding a +0 halberd
              (13 damage)
             ... on level 3 of the Dungeon.
             The game lasted 00:04:54 (1025 turns).

scanevaro the Ruffian (Troll Monk)                  Turns: 1025, Time: 00:04:54

Health: -3/44      AC:  6    Str: 20    XL:     4   Next: 1%
Magic:  6/12       EV: 10    Int:  6    God:
Gold:   106        SH:  0    Dex: 12    Spells: 3/3 levels left

rFire    . . .     SeeInvis .     - Unarmed
rCold    . . .     Gourm    +   (no shield)
rNeg     . . .     Faith    .   a - +1 robe
rPois    .         Spirit   .   (helmet restricted)
rElec    .         Reflect  .   (no cloak)
rCorr    .         Harm     .   (gloves unavailable)
MR       .....                  (boots unavailable)
Stlth    ++........             (no amulet)
HPRegen  0.54/turn              (no ring)
MPRegen  0.13/turn              n - ring of magical power

@: no status effects
A: large, unfitting armour, claws 3, fast metabolism 3, gourmand, regeneration
1, shaggy fur 1, tough skin 2
a: no special abilities


You were on level 3 of the Dungeon.
You were full.

You visited 1 branch of the dungeon, and saw 3 of its levels.

You collected 106 gold pieces.

Inventory:

Armour
 a - a +1 robe (worn)
Jewellery
 n - a ring of magical power (right claw)
Scrolls
 c - a scroll of enchant armour
 e - a scroll of teleportation
 f - 3 scrolls of identify {unknown}
 h - 4 scrolls of immolation {unknown}
 i - a scroll of remove curse
 j - a scroll of enchant weapon {unknown}
Potions
 d - a potion of berserk rage {unknown}
 g - a potion of cancellation {unknown}
 k - a potion of curing {unknown}
 m - a potion of lignification {unknown}
Comestibles
 b - 7 rations


   Skills:
 + Level 2.4 Fighting
 - Level 3.0 Armour
 - Level 2.4 Dodging
 - Level 1.0 Stealth
 - Level 3.0 Unarmed Combat


You had 3 spell levels left.
You didn't know any spells.

Dungeon Overview and Level Annotations

Branches:
Dungeon (3/15)

Altars:
Makhleb


Innate Abilities, Weirdness & Mutations

You are too large for most types of armour.
You have claws for hands.
Your metabolism is lightning-fast.
You like to eat raw meat.
Your natural rate of healing is unusually fast.
You are covered in fur. (AC +1)
You have very tough skin. (AC +2)


Message History

The gnoll is heavily wounded.
The gnoll hits you with a halberd!
* * * LOW HITPOINT WARNING * * *
You barely miss the gnoll.
The gnoll is heavily wounded.
The gnoll hits you but does no damage.
You barely miss the gnoll.
The gnoll is heavily wounded.
The gnoll closely misses you.
You scratch the gnoll.
The gnoll is heavily wounded.
The gnoll hits you with a halberd.
* * * LOW HITPOINT WARNING * * *
As you read the scroll of teleportation, it crumbles to dust.
You feel strangely unstable. The gnoll closely misses you.
You see here a club.
Your surroundings seem slightly different.
The gnoll hits you from afar with a halberd!
You die...

#..#######
.######..#
.....)...#
########.# #S#
#l# ####g#######
######.>.........
#..?...@..#######
.......####
#.#####


You could see a gnoll and a frilled lizard.

Vanquished Creatures
  2 gnolls (D:3)
  An adder (D:2)
  A worm (D:2)
  2 dart slugs
  2 leopard geckos (D:2)
  2 giant cockroaches
  3 goblins
  2 hobgoblins (D:1)
  A jackal (D:3)
  3 kobolds
  5 bats
  4 frilled lizards
  4 rats (D:1)
32 creatures vanquished.

Notes
Turn   | Place    | Note
-------+----------+-------------------------------------------
     0 | D:1      | scanevaro the Troll Monk began the quest for the Orb.
     0 | D:1      | Reached XP level 1. HP: 22/22 MP: 0/0
   119 | D:1      | Reached skill level 1 in Armour
   234 | D:1      | Reached XP level 2. HP: 29/29 MP: 1/1
   702 | D:2      | Found a burning altar of Makhleb.
   737 | D:2      | Reached XP level 3. HP: 31/36 MP: 2/2
  1013 | D:3      | Reached XP level 4. HP: 27/44 MP: 3/3
  1025 | D:3      | Slain by a gnoll

Vault maps used:
D:1:      saegor_arrival_simple_e
D:2:      bloody_makhleb, first_ration
D:3:      old_standard_altar, lemuel_doored_altar, lemuel_crystal_altar

Skill      XL: |  1  2  3 |
---------------+----------+-----
Armour         | 1 2 3 |  3.0
Fighting       | |  2.4
Dodging        | |  2.4
Stealth        | |  1.0
Unarmed Combat | |  3.0

Action                   |  1- 3 |  4- 6 || total
-------------------------+-------+-------++-------
Melee: Unarmed           |    59 |     5 ||    64
       Punch             |     1 |       ||     1
  Use: Scroll            |     3 |     1 ||     4
 Stab: Sleeping          |     4 |       ||     4
  Eat: Chunk             |    12 |       ||    12
Armor: Robe              |    12 |       ||    12
Dodge: Dodged            |    25 |     3 ||    28

Table legend:
 A = Spawn XP
 B = Non-spawn XP
 C = Spawn XP percentage of total XP
 D = Spawn monster count
 E = Non-spawn monster count
 F = Spawn count percentage of total count
 G = Total turns spent on level
                    A         B        C        D         E        F      G
               +---------+---------+-------+---------+---------+-------+---------
         Total |       0 |      98 |   0.0 |       0 |      32 |   0.0 |  1025
               +---------+---------+-------+---------+---------+-------+---------
           D:1 |       0 |      24 |   0.0 |       0 |      15 |   0.0 |   625
           D:2 |       0 |      43 |   0.0 |       0 |      14 |   0.0 |   356
           D:3 |       0 |      31 |   0.0 |       0 |       3 |   0.0 |    44
               +---------+---------+-------+---------+---------+-------+---------
